 Dungeon Crawl Stone Soup version 0.26.1-11-gd32895ea62 (webtiles) character file.

Game seed: 3859000326685968742

855 JBAR the Shield-Bearer (level 8, -7/67 HPs)
             Began as a Gnoll Fighter on June 30, 2021.
             Was a Follower of the Shining One.
             Mangled by an orc warrior
             ... wielding a +1 glaive of protection
              (8 damage)
             ... on level 6 of the Dungeon.
             The game lasted 00:09:04 (3966 turns).

JBAR the Shield-Bearer (Gnoll Fighter)              Turns: 3966, Time: 00:09:05

Health: -7/67      AC: 11    Str: 21    XL:     8   Next: 1%
Magic:  12/12      EV:  8    Int: 10    God:    the Shining One [*.....]
Gold:   322        SH: 13    Dex: 17    Spells: 12/12 levels left

rFire    . . .     SeeInvis .   v - +1 long sword (holy)
rCold    + . .     Faith    .   c - +2 kite shield
rNeg     . . .     Spirit   .   g - +0 chain mail
rPois    .         Reflect  .   (no helmet)
rElec    .         Harm     .   h - +0 cloak
rCorr    .         Rampage  .   (no gloves)
Will     .....                  (no boots)
Stlth    ..........             (no amulet)
HPRegen  0.21/turn              (no ring)
MPRegen  0.13/turn              (no ring)

@: glowing
A: distributed training, fangs 1, hooves 1, agile 1, cold resistance 1, strong
nose
a: Renounce Religion


You were on level 6 of the Dungeon.
You worshipped the Shining One.
The Shining One was aware of your devotion.
You visited 1 branch of the dungeon, and saw 6 of its levels.

You collected 322 gold pieces.

Inventory:

Hand Weapons
 a - a +1 war axe
 i - a +1 whip of holy wrath
 v - a +1 long sword of holy wrath (weapon)
Missiles
 b - 60 arrows
 e - 70 sling bullets
 f - 226 stones (quivered)
Armour
 c - a +2 kite shield (worn)
 g - a +0 chain mail (worn)
 h - a +0 cloak (worn)
Wands
 r - a wand of disintegration (17)
 w - a wand of iceblast (12)
 x - a wand of paralysis (9)
Scrolls
 m - 4 scrolls of identify
 o - 2 scrolls of remove curse
 p - 2 scrolls of amnesia
 q - a scroll of fog
Potions
 d - a potion of might
 j - 3 potions of curing {unknown}
 k - 2 potions of berserk rage {unknown}
 l - a potion of haste
 n - a potion of cancellation
 z - a potion of mutation


   Skills:
 + Level 7.2 Fighting
 + Level 2.8 Short Blades
 + Level 2.8 Long Blades
 + Level 5.4 Axes
 + Level 2.8 Maces & Flails
 + Level 2.8 Polearms
 + Level 2.8 Staves
 + Level 2.8 Slings
 + Level 2.8 Bows
 + Level 2.8 Crossbows
 + Level 2.8 Throwing
 + Level 7.2 Armour
 + Level 2.8 Dodging
 + Level 2.8 Stealth
 + Level 7.2 Shields
 + Level 2.8 Unarmed Combat
 + Level 2.8 Spellcasting
 + Level 2.3 Conjurations
 + Level 2.3 Hexes
 + Level 2.3 Summonings
 + Level 2.3 Necromancy
 + Level 2.3 Translocations
 + Level 2.3 Transmutations
 + Level 2.3 Fire Magic
 + Level 2.3 Ice Magic
 + Level 2.3 Air Magic
 + Level 2.3 Earth Magic
 + Level 2.3 Poison Magic
 + Level 3.1 Invocations
 + Level 2.8 Evocations


You had 12 spell levels left.
You didn't know any spells.
Your spell library was empty.

Dungeon Overview and Level Annotations

Branches:
Dungeon (6/15)             Temple (0/1) D:5

Altars:
Gozag
Sif Muna
Zin
The Shining One


Innate Abilities, Weirdness & Mutations

Your experience applies equally to all skills.
You have very sharp teeth.
Your uncanny sense of smell can sniff out nearby items.
You have large cloven feet.
You are agile. (Dex +2)
Your flesh is cold resistant. (rC+)


Message History

The black bear claws you but does no damage.
You block the orc warrior's attack. You block the black bear's attack.
The black bear claws you but does no damage.
The black bear claws you.
You slash the black bear!
You kill the black bear!
The orc warrior hits you from afar with a +1 glaive of protection!
* * * LOW HITPOINT WARNING * * *
The orc hits you but does no damage.
You have reached level 8!
You feel agile.
You slash the orc!
You kill the orc!
The orc warrior hits you from afar with a +1 glaive of protection!
* * * LOW HITPOINT WARNING * * *
The sky beast hits you but does no damage.
You hit the sky beast. You kick the sky beast.
The sky beast is heavily wounded.
The orc warrior hits you from afar with a +1 glaive of protection!
You die...

#..# #. ∆ #..# ## .
#..# # .. #..#### ...
#...... .... ##.####
..... #.#
.....o#############.#
......Y@$...........#
......###############
..... ####


You could see an orc warrior and a sky beast.

Vanquished Creatures
  A black bear (D:6)
  2 ogres
  A howler monkey (D:5)
  5 orc priests
  A jelly (D:5)
  A gnoll shaman (D:4)
  2 orc wizards
  4 worker ants
  A hound zombie (D:5)
  3 gnolls (D:2)
  5 adders
  A white imp (D:5)
  5 worms
  3 dart slugs
  A leopard gecko (D:1)
  13 orcs
  9 giant cockroaches
  7 goblins
  11 hobgoblins
  A quokka (D:4)
  2 ball pythons (D:3)
  3 bats
  5 frilled lizards
  A giant cockroach zombie (D:6)
  3 kobolds (D:1)
  A leopard gecko skeleton (D:6)
  10 rats
102 creatures vanquished.

Vanquished Creatures (others)
  An orc (D:5)
  8 plants (D:5)
9 creatures vanquished.

Grand Total: 111 creatures vanquished

Notes
Turn   | Place    | Note
-------+----------+-------------------------------------------
     0 | D:1      | JBAR the Gnoll Fighter began the quest for the Orb.
     0 | D:1      | Reached XP level 1. HP: 23/23 MP: 1/1
   333 | D:1      | Reached XP level 2. HP: 29/29 MP: 2/2
   627 | D:1      | Reached XP level 3. HP: 35/35 MP: 3/3
   791 | D:1      | Gained mutation: Your flesh is cold resistant. (rC+)
                  | [potion of mutation]
   791 | D:1      | Gained mutation: You have large cloven feet. [potion of
                  | mutation]
   791 | D:1      | Gained mutation: You are agile. (Dex +2) [potion of
                  | mutation]
  1014 | D:2      | Reached skill level 1 in Invocations
  1380 | D:2      | Reached skill level 1 in Short Blades
  1380 | D:2      | Reached skill level 1 in Long Blades
  1380 | D:2      | Reached skill level 1 in Maces & Flails
  1380 | D:2      | Reached skill level 1 in Polearms
  1380 | D:2      | Reached skill level 1 in Staves
  1380 | D:2      | Reached skill level 1 in Slings
  1380 | D:2      | Reached skill level 1 in Bows
  1380 | D:2      | Reached skill level 1 in Crossbows
  1380 | D:2      | Reached skill level 1 in Throwing
  1380 | D:2      | Reached skill level 1 in Dodging
  1380 | D:2      | Reached skill level 1 in Stealth
  1380 | D:2      | Reached skill level 1 in Unarmed Combat
  1380 | D:2      | Reached skill level 1 in Spellcasting
  1380 | D:2      | Reached skill level 1 in Evocations
  1421 | D:2      | Reached XP level 4. HP: 41/41 MP: 5/5
  1536 | D:2      | Reached skill level 1 in Conjurations
  1536 | D:2      | Reached skill level 1 in Hexes
  1536 | D:2      | Reached skill level 1 in Summonings
  1536 | D:2      | Reached skill level 1 in Necromancy
  1536 | D:2      | Reached skill level 1 in Translocations
  1536 | D:2      | Reached skill level 1 in Transmutations
  1536 | D:2      | Reached skill level 1 in Fire Magic
  1536 | D:2      | Reached skill level 1 in Ice Magic
  1536 | D:2      | Reached skill level 1 in Air Magic
  1536 | D:2      | Reached skill level 1 in Earth Magic
  1536 | D:2      | Reached skill level 1 in Poison Magic
  1859 | D:3      | You fall into a shaft and drop 2 floors!
  1859 | D:5      | Entered Level 5 of the Dungeon
  1880 | D:5      | Reached XP level 5. HP: 29/47 MP: 5/7
  2457 | D:3      | Reached XP level 6. HP: 53/53 MP: 8/8
  2812 | D:3      | Found a glowing golden altar of the Shining One.
  2828 | D:3      | Became a worshipper of the Shining One
  3002 | D:4      | Reached skill level 5 in Axes
  3283 | D:5      | Found a glowing silver altar of Zin.
  3283 | D:5      | Found a shimmering blue altar of Sif Muna.
  3283 | D:5      | Found an opulent altar of Gozag.
  3288 | D:5      | Reached XP level 7. HP: 55/59 MP: 10/10
  3348 | D:5      | Found a staircase to the Ecumenical Temple.
  3516 | D:5      | Reached * piety under the Shining One
  3965 | D:6      | Reached XP level 8. HP: 8/67 MP: 12/12
  3965 | D:6      | HP: 1/67 [orc warrior/+1 glaive of protection (7)]
  3966 | D:6      | Mangled by an orc warrior

Illustrated notes

Levels and vault maps discovered:
D:1:      dpeg_arrival_snail, layout_basic
D:2:      layout_rooms
D:3:      layout_loops_cross, marbit_many_paths, portal_sewer_entry_e,
          st_stairs_7, hex_tiny, eino_curves_04
D:4:      minmay_chambers_of_twos, layout_gridville, overflow_temple_1_default
D:5:      layout_rooms, chequers_temple_overflow_statue_of_worship,
          temple_fountains, serial_bayou, serial_bayou_pond_d,
          serial_bayou_pond_e, serial_bayou_lagoon_a, serial_bayou_pond_a
D:6:      layout_basic, trog_ov_bears_minmay

Skill      XL: |  1  2  3  4  5  6  7 |
---------------+----------------------+-----
Invocations    | 1 2 3 |  3.1
Short Blades   | 1 2 |  2.8
Long Blades    | 1 2 |  2.8
Maces & Flails | 1 2 |  2.8
Polearms       | 1 2 |  2.8
Staves         | 1 2 |  2.8
Slings         | 1 2 |  2.8
Bows           | 1 2 |  2.8
Crossbows      | 1 2 |  2.8
Throwing       | 1 2 |  2.8
Dodging        | 1 2 |  2.8
Stealth        | 1 2 |  2.8
Unarmed Combat | 1 2 |  2.8
Spellcasting   | 1 2 |  2.8
Evocations     | 1 2 |  2.8
Conjurations   | 1 2 |  2.3
Hexes          | 1 2 |  2.3
Summonings     | 1 2 |  2.3
Necromancy     | 1 2 |  2.3
Translocations | 1 2 |  2.3
Transmutations | 1 2 |  2.3
Fire Magic     | 1 2 |  2.3
Ice Magic      | 1 2 |  2.3
Air Magic      | 1 2 |  2.3
Earth Magic    | 1 2 |  2.3
Poison Magic   | 1 2 |  2.3
Axes           | 5 |  5.4
Fighting       | 7 |  7.2
Armour         | 7 |  7.2
Shields        | 7 |  7.2

Action                   |  1- 3 |  4- 6 |  7- 9 || total
-------------------------+-------+-------+-------++-------
Melee: War axe           |    73 |    80 |    13 ||   166
       Bite              |     6 |     9 |     9 ||    24
       Kick              |    10 |    20 |    30 ||    60
       Whip              |       |    14 |       ||    14
       Long sword        |       |       |    48 ||    48
Throw: Stone             |    14 |       |       ||    14
  Use: Scroll            |     2 |    11 |     2 ||    15
       Potion            |     5 |     1 |     1 ||     7
Armor: Scale mail        |    15 |       |       ||    15
       Chain mail        |     9 |    33 |    24 ||    66
Dodge: Dodged            |    11 |    20 |    16 ||    47
Block: Kite shield       |    37 |    49 |    48 ||   134
       Rpst.: Long sword |       |       |     6 ||     6
